 Dungeon Crawl Stone Soup version 0.29-a0-982-gaed3a0c8d8 (webtiles) character file.

Game seed: 16253308929962203414

11711 freelancePsychic the Destroyer (level 10, -5/94 (99) HPs)
             Began as a Naga Conjurer on Aug 1, 2022.
             Was an Elder of Ru.
             Slain by a minotaur
             ... wielding a +2 short sword of electrocution
              (11 damage)
             ... in a Gauntlet.
             The game lasted 00:27:06 (16554 turns).

freelancePsychic the Destroyer (Naga Conjurer)     Turns: 16554, Time: 00:27:07

HP:   -5/94 (99)    AC: 12    Str:  8    XL:     10   Next: 82%
MP:   15/15         EV: 12    Int: 21    God:    Ru [****..]
Gold: 723           SH:  0    Dex: 24    Spells: 6/16 levels left

rFire   . . .      SeeInvis +   a - +3 trident (venom)
rCold   + . .      Faith    .   (no shield)
rNeg    . . .      Spirit   .   m - +0 acid dragon scales
rPois   +          Reflect  .   C - +1 helmet of Obintoci {Dex+7}
rElec   .          Harm     .   s - +2 cloak {rCorr}
rCorr   +          Rampage  .   z - +0 pair of gloves
Will    ++...      NoTele   +   (no barding)
Stlth   ++++......              c - amulet of the acrobat
HPRegen 0.25/turn               r - ring of willpower
MPRegen 0.14/turn               g - ring of protection from cold

@: mighty, exhausted, attractive, drained, unable to drink, very slow
A: AC +3, large, see invisible, deformed body, poison resistance, slowness 2,
spit poison 1, inability to drink while threatened 2, hated by all,
inexperienced 1, naga tail 1, agile 2
a: Spit Poison, Renounce Religion, Draw Out Power, Power Leap


You were in a Gauntlet.
You worshipped Ru.
Ru was greatly pleased with you.
You visited 2 branches of the dungeon, and saw 13 of its levels.
You also visited: Ossuary and Gauntlet.

You collected 723 gold pieces.

Inventory:

Hand Weapons
 a - a +3 trident of venom (weapon)
Armour
 m - +0 acid dragon scales (worn)
 s - a +2 cloak of preservation (worn)
 z - a +0 pair of gloves (worn)
 C - the +1 helmet of Obintoci (worn) {Dex+7}
   (You found it in a Gauntlet)

   Dex:       It affects your dexterity (+7).
Magical Staves
 b - a staff of cold
Jewellery
 c - an amulet of the acrobat (around neck)
 f - a ring of resist corrosion
 g - a ring of protection from cold (right hand)
 r - a ring of willpower (left hand)
Wands
 j - a wand of mindburst (20)
 q - a wand of roots (13)
 t - a wand of flame (18)
 A - a wand of polymorph (2)
Scrolls
 d - 6 scrolls of fog
 h - 5 scrolls of enchant armour
 o - a scroll of immolation
 u - 2 scrolls of silence
 w - a scroll of identify {@r1}
 x - a scroll of blinking
 y - 2 scrolls of teleportation {@r4}
Potions
 i - 4 potions of curing {@q1}
 k - 3 potions of cancellation
 l - 8 potions of mutation
 n - 4 potions of degeneration
 p - 4 potions of flight
 v - a potion of heal wounds {@q2}


   Skills:
 + Level 9.2 Fighting
 - Level 7.0 Polearms
 + Level 4.8 Dodging
 + Level 8.7 Stealth
 - Level 3.6 Spellcasting
 - Level 10.4 Conjurations
 - Level 6.9 Hexes


You had 6 spell levels left.
You knew the following spells:

 Your Spells              Type           Power      Damage    Failure   Level
a - Magic Dart            Conj           100%       1d8       1%          1
b - Searing Ray           Conj           94%        2d7       1%          2
c - Tukima's Dance        Hex            32%        N/A       3%          3
d - Fulminant Prism       Conj/Hex       20%        3d13      6%          4

Your spell library contained the following spells:

 Spells                   Type           Power      Damage    Failure   Level
 Slow                     Hex            100%       N/A       1%          1
 Dazzling Flash           Conj/Hex       80%        N/A       1%          3
 Confusing Touch          Hex            32%        N/A       3%          3
 Stone Arrow              Conj/Erth      50%        3d10      8%          3
 Portal Projectile        Hex/Tloc       36%        N/A       16%         3
 Beastly Appendage        Tmut           6%         N/A       22%         1
 Iskenderun's Mystic Bla  Conj/Tloc      25%        2d7       26%         4
 Wereblood                Tmut           3%         N/A       34%         2
 Leda's Liquefaction      Hex/Erth       9%         N/A       47%         4
 Spider Form              Tmut/Pois      3%         N/A       56%         3
 Vampiric Draining        Necr           3%         2d6       56%         3
 Silence                  Hex/Air        9%         N/A       83%         5
 Yara's Violent Unravell  Hex/Tmut       9%         3d6       83%         5
 Passage of Golubria      Tloc           3%         N/A       92%         4
 Lehudib's Crystal Spear  Conj/Erth      12%        10d4      100%        8
 Call Canine Familiar     Summ           Unusable   N/A       N/A         3
 Animate Armour           Summ/Erth      Unusable   N/A       N/A         4

Dungeon Overview and Level Annotations

Branches:
Dungeon (11/15)            Temple (0/1) D:5            Lair (2/5) D:9
Ossuary (visited)         Gauntlet (1/1)
  Swamp: Lair:2-3    Shoals: Lair:2-3     Snake: Lair:2-3    Spider: Lair:2-3
    Orc: D:9-12

Altars:
Ru

Annotations:
D:3 Ijyb, Robin
D:4 exclusions: gnoll and gnoll bouda
D:9 exclusion: 2 doors, Gastronok
D:10 4 runed translucent doors
D:11 exclusions: boulder beetle and ugly thing Gauntlet 6 transporters, 1 runed translucent door


Innate Abilities, Weirdness & Mutations

Your serpentine skin is tough. (AC +3)
You have supernaturally acute eyesight. (SInv)
Armour fits poorly on your strangely shaped body.
Your system is resistant to poisons. (rPois)
You cover ground very slowly.
You can spit poison.
You sometimes lose the ability to drink potions when taking damage.
You are hated by all.
You are somewhat inexperienced. (-1 XL)
You have a snake-like lower body.
You are very agile. (Dex +8, Str/Int -2)


Message History

You hit the minotaur but do no damage.
The minotaur is lightly wounded.
The minotaur hits you but does no damage.
The minotaur gores you but does no damage.
You puncture the minotaur!
The minotaur looks as sick as possible!
The minotaur is moderately wounded.
The minotaur barely misses you. The minotaur gores you!
You hit the minotaur but do no damage.
The minotaur is moderately wounded.
The minotaur hits you with a +2 short sword of electrocution!!
The minotaur gores you.
* * * LOW HITPOINT WARNING * * *
You hit the minotaur but do no damage.
The minotaur is moderately wounded.
The minotaur barely misses you.
The minotaur gores you but does no damage.
You puncture the minotaur!
The minotaur looks as sick as possible!
The minotaur is moderately wounded.
You redirect the minotaur's attack!
The minotaur hits itself but does no damage.
The minotaur gores itself!
You cannot drink potions in your current state!
You are restored by drawing out deep reserves of power within.
You feel drained. The minotaur is attracted toward you.
You puncture the minotaur!
The minotaur looks as sick as possible!
The minotaur is severely wounded.
The minotaur hits you with a +2 short sword of electrocution!!
You are electrocuted!
You focus your inner power and slow the minotaur in retribution!
The minotaur gores you.
* * * LOW HITPOINT WARNING * * *
You puncture the minotaur!
You punch the minotaur, but do no damage.
The minotaur is severely wounded.
You hit the minotaur but do no damage.
The minotaur looks as sick as possible!
The minotaur is almost dead.
The minotaur hits you with a +2 short sword of electrocution!!
* * * LOW HITPOINT WARNING * * *
The minotaur gores you!
You die...

#≈...... #######.#####
#...##≈.#...#
######.8.#≈≈.#.#.#
#...##...##≈.#?#.#
#.#.##.8.###.#4##©
#.#......##..#.#.# #
#.#.##.8.#...#.#.# #.⌠
#@..##...#.∩.#5..#
#...∩##H#.##.©.#...#####
+⌠H...§.#......#.8.....#
#..⌠.##.#.##.©.#...#####
###+ #...##...#.∩.#..8#
#.#.##.8.#...#...8
#.#......##..#=.8.
#.#.##.8.###.#©8.© #..
#...##≈.#[.8.


You could see a minotaur (extremely poisoned, slow).

Vanquished Creatures
  A necromancer (Gauntlet)
  A cyclops (D:9)
  A torpor snail (Gauntlet)
  4 cane toads (Lair:1)
  Maggie (D:6)
  A rime drake (Lair:1)
  A komodo dragon (Lair:1)
  2 trolls (D:9)
  Sigmund (D:6)
  11 yaks
  A wyvern (D:7)
  Menkaure (D:5)
  4 water moccasins
  A sky beast (D:7)
  6 black bears
  3 orc warriors
  12 wolves
  3 phantoms
  4 centaurs
  4 kobold brigands (D:9)
  6 bullfrogs
  2 necrophages
  2 scorpions
  3 wights
  23 killer bees
  3 howler monkeys
  2 bullfrog zombies (Ossuary)
  5 centaur zombies (Ossuary)
  6 hounds
  A jelly (D:5)
  3 orc priests
  2 gnoll boudas
  Crazy Yiuf (D:5)
  An iguana (D:5)
  A scorpion zombie (Ossuary)
  5 orc wizards
  An ogre zombie (Ossuary)
  4 gnolls
  9 adders
  2 shadow imps
  A white imp (D:8)
  3 adder zombies (Ossuary)
  2 worms (D:2)
  2 dart slugs
  22 orcs
  6 endoplasms
  4 giant cockroaches
  10 hobgoblins
  2 jackals (D:1)
  22 kobolds
  3 quokkas
  5 ball pythons
  6 bats
  4 frilled lizards
  2 gnoll zombies (Ossuary)
  16 goblins
  7 goblin zombies (Ossuary)
  3 hobgoblin zombies (Ossuary)
  An orc zombie (Ossuary)
  3 rats
269 creatures vanquished.

Vanquished Creatures (collateral kills)
  A water moccasin (D:5)
  A gnoll bouda (D:5)
  A hound (D:5)
  2 gnolls (D:5)
5 creatures vanquished.

Vanquished Creatures (others)
  A troll (D:11)
  A wight (Ossuary)
  19 fulminant prisms
  2 fungi (Lair:1)
  6 plants (Lair:1)
  A withered plant (Gauntlet)
30 creatures vanquished.

Grand Total: 304 creatures vanquished

Notes
Turn   | Place    | Note
-------+----------+-------------------------------------------
     0 | D:1      | freelancePsychic the Naga Conjurer began the quest for the
                  | Orb.
     0 | D:1      | Reached XP level 1. HP: 15/15 MP: 3/3
   374 | D:1      | Reached XP level 2. HP: 24/24 MP: 1/5
   433 | D:1      | Learned a level 2 spell: Searing Ray
  1162 | D:1      | Reached XP level 3. HP: 30/30 MP: 3/6
  1344 | D:1      | Reached skill level 1 in Fighting
  2405 | D:2      | Reached XP level 4. HP: 5/38 MP: 4/7
  2667 | D:2      | Found a faded altar of an unknown god.
  3417 | D:3      | Noticed Robin
  3436 | D:3      | Gained mutation: You are agile. (Dex +4, Str/Int -1)
                  | [potion of mutation]
  3436 | D:3      | Gained mutation: You are very agile. (Dex +8, Str/Int -2)
                  | [potion of mutation]
  3706 | D:3      | Reached XP level 5. HP: 45/45 MP: 1/9
  3823 | D:3      | Noticed Ijyb
  3927 | D:3      | Found a sacrificial altar of Ru.
  3933 | D:3      | Reached skill level 5 in Stealth
  3933 | D:3      | Reached skill level 5 in Conjurations
  3943 | D:3      | Became a worshipper of Ru the Awakened
  4777 | D:4      | Reached XP level 6. HP: 55/55 MP: 7/10
  5229 | D:5      | Entered Level 5 of the Dungeon
  5235 | D:5      | Reached skill level 1 in Polearms
  5458 | D:5      | Reached XP level 7. HP: 57/62 MP: 9/11
  5698 | D:5      | Gained mutation: You occasionally lose the ability to drink
                  | potions when taking damage. [Ru sacrifice]
  5698 | D:5      | Gained mutation: You sometimes lose the ability to drink
                  | potions when taking damage. [Ru sacrifice]
  5698 | D:5      | Reached * piety under Ru
  5712 | D:5      | Reached skill level 6 in Conjurations
  5905 | D:5      | HP: 3/64 [poisoned by a water moccasin]
  5916 | D:5      | Reached XP level 8. HP: 7/73 MP: 2/12
  6236 | D:5      | Found a staircase to the Ecumenical Temple.
  6503 | D:5      | Noticed Menkaure
  6508 | D:5      | Killed Menkaure
  6509 | D:5      | Reached skill level 5 in Fighting
  6760 | D:5      | Reached skill level 7 in Conjurations
  6896 | D:5      | Found a runed translucent door.
  6897 | D:5      | Noticed Crazy Yiuf
  7014 | D:5      | Killed Crazy Yiuf
  7291 | D:6      | Found a sand-covered staircase.
  7383 | Ossuary  | Entered an ossuary
  7524 | Ossuary  | Reached skill level 5 in Polearms
  7750 | Ossuary  | Reached XP level 9. HP: 49/82 MP: 13/13
  8048 | Ossuary  | Reached skill level 1 in Hexes
  8080 | Ossuary  | Noticed a silent spectre
  8699 | D:6      | Noticed Sigmund
  8703 | D:6      | Killed Sigmund
  8704 | D:6      | Reached skill level 8 in Conjurations
  8775 | D:6      | Noticed Maggie
  8843 | D:6      | Killed Maggie
  9294 | D:6      | Learned a level 4 spell: Fulminant Prism
 10001 | D:7      | Gained mutation: You are somewhat inexperienced. (-1 XL)
                  | [Ru sacrifice]
 10001 | D:7      | Reached XP level 8. HP: 32/80 MP: 12/12
 10001 | D:7      | Reached ** piety under Ru
 10001 | D:7      | Reached *** piety under Ru
 10019 | D:7      | Reached XP level 9. HP: 26/85 MP: 13/13
 10718 | D:8      | Noticed a two-headed ogre
 10724 | D:8      | Learned a level 3 spell: Tukima's Dance
 10970 | D:8      | Reached skill level 9 in Conjurations
 11332 | D:9      | Noticed a cyclops
 11339 | D:9      | Killed a cyclops
 11489 | D:9      | Reached skill level 5 in Hexes
 11500 | D:9      | Noticed Gastronok
 11534 | D:9      | You fall into a shaft and drop 2 floors!
 11537 | D:11     | Noticed a cyan ugly thing
 11640 | D:11     | Noticed a boulder beetle
 11676 | D:10     | Entered Level 10 of the Dungeon
 12587 | D:9      | Found a staircase to the Lair.
 12636 | D:9      | Gained mutation: You are hated by all. [Ru sacrifice]
 12636 | D:9      | Reached **** piety under Ru
 12829 | D:9      | Reached XP level 10. HP: 97/97 MP: 14/14
 13023 | D:10     | Found a huge runed translucent gate.
 13023 | D:10     | Found a huge runed translucent gate.
 13024 | D:10     | Found a huge runed translucent gate.
 13024 | D:10     | Noticed a manticore
 13025 | D:10     | Found a huge runed translucent gate.
 13751 | Lair:1   | Entered Level 1 of the Lair of Beasts
 14673 | Lair:1   | Reached skill level 10 in Conjurations
 15737 | Lair:2   | Found a gate leading to a gauntlet.
 15769 | Gauntlet | Entered a Gauntlet
 15769 | Gauntlet | Noticed a necromancer
 15769 | Gauntlet | Found a transporter.
 15769 | Gauntlet | Found a transporter.
 15771 | Gauntlet | Noticed a soul eater
 15931 | Gauntlet | Found a transporter.
 15935 | Gauntlet | Found a transporter.
 15939 | Gauntlet | Found a runed translucent door.
 15941 | Gauntlet | Found a runed translucent door.
 15943 | Gauntlet | Found a transporter.
 15947 | Gauntlet | Found a transporter.
 15953 | Gauntlet | Noticed a sixfirhy
 15954 | Gauntlet | Noticed a sixfirhy
 15955 | Gauntlet | Found a transporter.
 15972 | Gauntlet | Found a transporter.
 15973 | Gauntlet | Noticed a reaper
 15986 | Gauntlet | Found a transporter.
 15990 | Gauntlet | Found a transporter.
 15990 | Gauntlet | Noticed a death scarab
 15995 | Gauntlet | Noticed a spectral death yak
 15998 | Gauntlet | Found a transporter.
 16002 | Gauntlet | Found a transporter.
 16003 | Gauntlet | Found a runed translucent door.
 16166 | Gauntlet | Killed a necromancer
 16517 | Gauntlet | Identified the +1 helmet of Obintoci {Dex+7}
 16539 | Gauntlet | Noticed a minotaur
 16554 | Gauntlet | Slain by a minotaur

Illustrated notes

Levels and vault maps discovered:
D:1:      eino_arrival_cavern_a, layout_rooms, roderic_lattice_a
D:2:      layout_loops_ring, basic_ecumenical_altar, serial_co_window_serial,
          co_window_corner_a, co_window_corner_a, co_window_paths_a,
          co_window_corner_a, co_window_corner_a, co_window_2corner,
          co_window_corner_cb, co_window_of_opportunity_b,
          co_window_unsneaky_path_e, co_window_4corner_a
D:3:      layout_loops_ring, nicolae_ru_sacrificial_ziggurat, uniq_ijyb,
          uniq_robin
D:4:      layout_gridville
D:5:      layout_loops_ring, minmay_temple_entry_arrows, uniq_menkaure,
          uniq_crazy_yiuf_cottage
D:6:      layout_basic, chequers_ossuary_entry_cave,
          amcnicky_mini_rare_corridor_liquid, uniq_sigmund, uniq_maggie
D:7:      layout_rooms, kennysheep_generic_room_5
D:8:      layout_gridville
D:9:      layout_basic, lair_entry_dummy, kennysheep_generic_room_13,
          uniq_gastronok
D:10:     lemuel_bear_cage, layout_basic, feat_on_display
D:11:     layout_cave_pools
Lair:1:   layout_loops_ring, beast_lair_carwin_1
Lair:2:   layout_misc_corridors, gauntlet_entry_generic, serial_bayou_shore_a
Gauntlet: minmay_gauntlet_77_indecision [minmay_gauntlet_arena_77_squiggly,
          minmay_gauntlet_arena_77_path, minmay_gauntlet_arena_77_cramped,
          minmay_gauntlet_arena_77_chump_sandwich,
          minmay_gauntlet_arena_77_terracotta_army,
          minmay_gauntlet_arena_77_two_paths, gauntlet_exit_hidden_loot]

Skill      XL: |  1  2  3  4  5  6  7  8  9 10 |
---------------+-------------------------------+-----
Fighting       | 1 2 3 4 5 8 9 |  9.2
Stealth        | 4 5 6 8 |  8.7
Spellcasting   | 3 |  3.6
Conjurations   | 5 6 7 9 10 | 10.4
Polearms       | 2 3 5 7 |  7.0
Hexes          | 5 6 |  6.9
Dodging        | 4 |  4.8

Action                   |  1- 3 |  4- 6 |  7- 9 | 10-12 || total
-------------------------+-------+-------+-------+-------++-------
Melee: Unarmed           |     5 |       |       |       ||     5
       Dagger            |    39 |       |       |       ||    39
       Trident           |    21 |    98 |   460 |   210 ||   789
       Punch             |       |       |     5 |     4 ||     9
 Cast: Magic Dart        |    15 |       |       |       ||    15
       Searing Ray       |    15 |    14 |    35 |     9 ||    73
       Fulminant Prism   |       |       |    11 |     8 ||    19
Invok: Sacrifice Drink   |       |       |     1 |       ||     1
       Draw Out Power    |       |       |     2 |     4 ||     6
       Sacrifice Experie |       |       |     1 |       ||     1
       Sacrifice Love    |       |       |     1 |       ||     1
 Abil: Spit Poison       |     5 |     4 |     1 |       ||    10
Evoke: Wand              |       |       |     2 |       ||     2
  Use: Potion            |     1 |     3 |     1 |     3 ||     8
       Scroll            |     3 |     1 |    10 |     5 ||    19
 Stab: Sleeping          |     3 |     5 |    11 |     4 ||    23
       Distracted        |       |       |     1 |     1 ||     2
       Invisible         |       |       |     1 |       ||     1
Armor: Robe              |    13 |    27 |   119 |       ||   159
       Acid dragon scale |       |       |    78 |    88 ||   166
Dodge: Dodged            |    31 |    49 |   311 |   130 ||   521

Table legend: (Time is in decaauts)
 A = Elapsed time spent in this place.
 B = Non-inter-level travel time spent in this place.
 C = Inter-level travel time spent in this place.
 D = Time resting spent in this place.
 E = Time spent auto-exploring this place.
 F = Levels seen in this place.
 G = Mean time per level.
                   A        B        C        D        E       F      G
               +--------+--------+--------+--------+--------+-----+--------+
         Total |  19459 |  18844 |    615 |    894 |  15350 |  15 | 1297.3 |
       Dungeon |  15518 |  14936 |    582 |    794 |  12244 |  11 | 1410.7 |
          Lair |   2299 |   2266 |     33 |      0 |   1973 |   2 | 1149.5 |
       Ossuary |    775 |    775 |      0 |      0 |    573 |   1 |  775.0 |
      Gauntlet |    866 |    866 |      0 |    100 |    559 |   1 |  866.0 |
               +--------+--------+--------+--------+--------+-----+--------+

Top non-repeatable levels by time:
  Lair:1: 2246 daAuts
     D:5: 1825 daAuts
     D:1: 1804 daAuts
     D:2: 1772 daAuts
     D:3: 1718 daAuts
     D:6: 1691 daAuts
     D:9: 1573 daAuts
     D:4: 1390 daAuts
     D:8: 1338 daAuts
     D:7: 1231 daAuts
    D:10: 936 daAuts
Gauntlet: 866 daAuts
 Ossuary: 775 daAuts
    D:11: 236 daAuts
  Lair:2: 53 daAuts
